 Dungeon Crawl Stone Soup version 0.22.1-2-g9c5b331 (webtiles) character file.

12578 Gearfox the Cleaver (level 11, -1/97 HPs)
             Began as a Hill Orc Fighter on Dec 6, 2018.
             Was a High Priest of Okawaru.
             Slain by an orc warlord
             ... wielding a +3 dire flail of protection
              (30 damage)
             ... on level 2 of the Orcish Mines.
             The game lasted 00:49:15 (12868 turns).

Gearfox the Cleaver (Hill Orc Fighter)             Turns: 12868, Time: 00:49:16

Health: -1/97      AC: 25    Str: 27    XL:     11   Next: 95%
Magic:  7/15       EV: 10    Int:  8    God:    Okawaru [*****.]
Gold:   592        SH: 15    Dex: 10    Spells: 10/10 levels left

rFire    . . .     SeeInvis .   i - +3 hand axe (flame)
rCold    . . .     Gourm    .   c - +1 shield
rNeg     . . .     Faith    .   v - +0 plate armour
rPois    +         Spirit   .   n - +0 helmet
rElec    .         Reflect  .   x - +0 cloak
rCorr    .         Harm     .   F - +0 pair of gloves
MR       +....                  P - +2 pair of boots of Fanaticism {Str+4 Stlth+}
Stlth    ..........             u - amulet of regeneration
HPRegen  0.66/turn              p - ring of protection from magic
MPRegen  0.14/turn              M - ring of poison resistance

@: about to teleport, heroism, finesse
A: no striking features
a: Heroism, Finesse, Renounce Religion


You were on level 2 of the Orcish Mines.
You worshipped Okawaru.
Okawaru was extremely pleased with you.
You were not hungry.

You visited 2 branches of the dungeon, and saw 12 of its levels.

You collected 592 gold pieces.

Inventory:

Hand Weapons
 a - a +1 war axe of protection
 i - a +3 hand axe of flaming (weapon)
 H - a +1 flail of crushing
 L - a +1 war axe of venom
 R - a +0 war axe of freezing
Armour
 b - a +0 scale mail
 c - a +1 shield (worn)
 n - a +0 helmet (worn)
 s - a scarf of cloud immunity
 v - a +0 plate armour (worn)
 x - a +0 cloak (worn)
 C - a +2 ring mail of positive energy
 F - a +0 pair of gloves (worn)
 P - the +2 pair of boots of Fanaticism (worn) {Str+4 Stlth+}
   (You found it on level 2 of the Orcish Mines)

   It affects your strength (+4).
   It makes you more stealthy.
Jewellery
 g - an uncursed amulet of guardian spirit
 p - a ring of protection from magic (left hand)
 r - an uncursed amulet of rage
 u - an amulet of regeneration (around neck)
 I - an uncursed ring of flight
 M - a ring of poison resistance (right hand)
Wands
 d - a wand of flame (9)
 t - a wand of acid (8)
 y - a wand of scattershot (4)
 J - a wand of polymorph (15)
 K - a wand of paralysis (15)
Scrolls
 j - 4 scrolls of teleportation
 q - 3 scrolls of fear
 w - 2 scrolls of remove curse
 D - a scroll of fog
 O - a scroll of amnesia
Potions
 e - 2 potions of agility
 h - 2 potions of invisibility
 k - a potion of berserk rage
 m - a potion of haste {unknown}
 o - a potion of mutation {unknown}
 z - 2 potions of lignification {unknown}
 A - a potion of degeneration {unknown}
 B - 4 potions of flight {unknown}
 E - a potion of magic {unknown}
 G - 3 potions of curing {unknown}
Comestibles
 f - 16 rations
 N - a chunk of flesh


   Skills:
 * Level 9.1(14.1) Fighting
 - Level 14.0(19.0) Axes
 - Level 0.2(12.7) Maces & Flails
 - Level 10.1(15.1) Armour
 - Level 9.0(14.0) Shields
 - Level 0.1 Spellcasting
 * Level 4.6 Invocations
 - Level 6.0 Evocations


You had 10 spell levels left.
You didn't know any spells.
Your spell library contained the following spells:

 Spells                   Type           Power        Failure   Level  Hunger
 Animate Skeleton         Necr           N/A          97%         1    ##.....
 Beastly Appendage        Tmut           #.....       97%         1    ##.....
 Pain                     Necr           #...         97%         1    ##.....
 Sandblast                Erth           #.....       97%         1    ##.....
 Shock                    Conj/Air       #...         97%         1    ##.....
 Summon Butterflies       Summ           #.......     97%         1    ##.....
 Passwall                 Tmut/Erth      #.......     99%         2    ###....
 Sticks to Snakes         Tmut           #.......     99%         2    ###....
 Swiftness                Chrm/Air       #.......     99%         2    ###....
 Call Canine Familiar     Summ           #.......     100%        3    ####...
 Regeneration             Chrm/Necr      #.........   100%        3    ####...
 Spider Form              Tmut/Pois      #.........   100%        3    ####...
 Static Discharge         Conj/Air       #.......     100%        3    ####...
 Stone Arrow              Conj/Erth      #.....       100%        3    ####...
 Vampiric Draining        Necr           #.........   100%        3    ####...
 Airstrike                Air            #.........   100%        4    #####..
 Animate Dead             Necr           N/A          100%        4    #####..
 Ice Form                 Ice/Tmut       #.......     100%        4    #####..
 Petrify                  Tmut/Erth      #.......     100%        4    #####..
 Summon Ice Beast         Ice/Summ       #.......     100%        4    #####..
 Blade Hands              Tmut           #.........   100%        5    ######.
 Lee's Rapid Deconstruct  Erth           #.........   100%        5    ######.
 Lightning Bolt           Conj/Air       #.........   100%        5    ######.
 Summon Mana Viper        Hex/Summ       #.......     100%        5    ######.
 Summon Hydra             Summ           #.........   100%        7    #######


Dungeon Overview and Level Annotations

Branches:
Dungeon (10/15)            Temple (0/1) D:7             Orc (2/2) D:10
   Lair: D:8-11         Elf: Orc:2

Altars:
Cheibriados
Dithmenos
Gozag
Hepliaklqana
Okawaru
Ru
Trog
Uskayaw
Vehumet
Wu Jian
Xom
The Shining One

Shops:
D:2 *   Orc:2 %

Annotations:
D:7 5 runed doors


Message History

The orc warrior shouts!
The orc shouts!
You hear a shout! x2
The orc wizard mumbles some strange words.
The orc wizard flickers and vanishes!
Deactivating autopickup; reactivate with Ctrl-A.
You block the orc's attack.
Some of the chunks of flesh in your inventory have rotted away.
Items here: ) [ †† a flail; a chain mail; an orc corpse; a warg corpse The orc warlord roars a battlecry!
The orc goes into a battle-frenzy!
As you read the scroll of teleportation, it crumbles to dust.
You feel strangely unstable. You block the orc warlord's attack.
You hear some strange, mumbled words.
A magic dart appears from out of thin air!
The magic dart hits you!
You hit the orc warlord. You burn the orc warlord.
The orc warlord is moderately wounded.
You hit something but do no damage.
The orc warlord hits you with a dire flail of protection!!
You die...

#....###.##...#..'.# #...
#.##...#..#.# ###
###.###'#####.#
#.............##...##.... ##
#.##)##....#####... .....
.######.#..)#....#.[##..##.....
.'......#...#....'..#...#......
.#.####.#####.####..#.........#
##.#..#.....)).o@####..o.....##
##(').#.....####)####.8...8...8
'..#)(#..⌠).#..#.To)oo.........
##.####..)..#.)'.####o8...8...8
##...)...)..#..#.####........##
.####.#####.####.#.[#.........#
.'....#...#......'..#...#......
.#....#)..#.#....#..##..##.....
##....##'##.#....#####...#.....


You could see an orc warlord and a troll.

Vanquished Creatures
  6 two-headed ogres
  An orc sorcerer (Orc:2)
  The ghost of Torikoriko the Covert, a novice KoAr of Uskayaw (D:7)
  5 trolls
  A hungry ghost (D:10)
  2 wargs (Orc:2)
  Menkaure (D:4)
  A water moccasin (D:9)
  28 orc warriors
  4 ice beasts
  A phantom (D:5)
  8 ogres
  A necrophage (D:8)
  4 centaurs
  5 bullfrogs
  3 scorpions
  7 howler monkeys
  A bullfrog zombie (D:7)
  2 centaur zombies
  3 hounds
  3 bullfrog skeletons
  11 orc priests
  Crazy Yiuf (D:6)
  2 iguanas
  14 orc wizards
  2 worker ants
  A killer bee zombie (D:7)
  A hound skeleton (D:4)
  A worker ant zombie (D:7)
  8 gnolls
  9 adders
  3 shadow imps (D:5)
  3 oozes (D:3)
  An adder skeleton (D:8)
  3 worms
  6 leopard geckos
  78 orcs
  4 giant cockroaches
  5 hobgoblins
  6 jackals
  5 kobolds
  4 quokkas
  2 ball pythons
  8 bats
  5 frilled lizards
  5 goblins
  A jackal skeleton (D:4)
  2 leopard gecko zombies
  A quokka skeleton (D:7)
  6 rats
286 creatures vanquished.

Vanquished Creatures (others)
  A kobold (D:2)
1 creature vanquished.

Grand Total: 287 creatures vanquished

Notes
Turn   | Place    | Note
-------+----------+-------------------------------------------
     0 | D:1      | Gearfox the Hill Orc Fighter began the quest for the Orb.
     0 | D:1      | Reached XP level 1. HP: 19/19 MP: 1/1
   361 | D:1      | Reached skill level 3 in Axes
   691 | D:1      | Reached XP level 2. HP: 26/26 MP: 2/2
   805 | D:1      | Reached skill level 4 in Axes
  1104 | D:2      | Found a radiant altar of Vehumet.
  1118 | D:2      | Found an opulent altar of Gozag.
  1122 | D:2      | Found Gozag's Platinum Reserve.
  1514 | D:2      | Reached XP level 3. HP: 31/31 MP: 3/3
  1663 | D:2      | Found a sacrificial altar of Ru.
  1668 | D:2      | Reached skill level 5 in Axes
  1674 | D:2      | Reached XP level 4. HP: 34/39 MP: 4/4
  2203 | D:2      | Reached skill level 6 in Axes
  2720 | D:3      | Reached XP level 5. HP: 43/45 MP: 5/5
  3199 | D:4      | Reached skill level 7 in Axes
  3590 | D:3      | Reached skill level 8 in Axes
  3590 | D:3      | Reached XP level 6. HP: 39/51 MP: 6/6
  3791 | D:3      | HP: 1/52 [ogre/giant spiked club (26)]
  4139 | D:4      | Got a translucent leather armour
  4732 | D:4      | Reached XP level 7. HP: 60/60 MP: 7/7
  4886 | D:5      | Entered Level 5 of the Dungeon
  5012 | D:5      | Reached skill level 5 in Armour
  5022 | D:5      | Noticed Menkaure
  5178 | D:4      | Killed Menkaure
  5178 | D:4      | Reached skill level 5 in Fighting
  5401 | D:5      | Identified the cursed +1 leather armour "Moiwoon" {Str+4}
                  | (You found it on level 4 of the Dungeon)
  5771 | D:5      | Reached XP level 8. HP: 48/70 MP: 8/8
  6567 | D:6      | Found a runed door.
  6571 | D:6      | Noticed Crazy Yiuf
  6575 | D:6      | Killed Crazy Yiuf
  7081 | D:6      | Reached skill level 9 in Axes
  7092 | D:6      | Reached XP level 9. HP: 63/79 MP: 9/9
  7372 | D:7      | Found a transporter.
  7376 | D:7      | Found an ornate altar of the Wu Jian Council.
  7412 | D:7      | Noticed Torikoriko's ghost (novice KoAr)
  7441 | D:7      | Found a transporter.
  7494 | D:7      | Reached skill level 10 in Axes
  7500 | D:7      | Killed Torikoriko's ghost
  7865 | D:7      | Found a runed door.
  7866 | D:7      | Found a runed gate.
  7873 | D:7      | Found the +9 staff of Olgreb {rPois}
  7879 | D:7      | Found a runed door.
  7914 | D:7      | Found a runed gate.
  7917 | D:7      | Found a hazy altar of Hepliaklqana.
  7928 | D:7      | Found a runed gate.
  7940 | D:7      | Reached skill level 11 in Axes
  7940 | D:7      | Reached skill level 5 in Shields
  7953 | D:7      | Found a shimmering altar of Xom.
  7954 | D:7      | Found a glowing golden altar of the Shining One.
  7956 | D:7      | Found a hide-covered altar of Uskayaw.
  7957 | D:7      | Found an iron altar of Okawaru.
  7957 | D:7      | Found a shadowy altar of Dithmenos.
  7959 | D:7      | Found a snail-covered altar of Cheibriados.
  7975 | D:7      | Became a worshipper of Warmaster Okawaru
  7980 | D:7      | Found a staircase to the Ecumenical Temple.
  8328 | D:8      | Noticed a two-headed ogre
  8352 | D:7      | Killed a two-headed ogre
  8352 | D:7      | Reached * piety under Okawaru
  8352 | D:7      | Reached skill level 12 in Axes
  8400 | D:8      | Noticed a two-headed ogre
  8414 | D:8      | Killed a two-headed ogre
  8414 | D:8      | Reached ** piety under Okawaru
  8414 | D:8      | Reached XP level 10. HP: 53/86 MP: 10/10
  8467 | D:8      | Noticed a two-headed ogre
  8491 | D:7      | Killed a two-headed ogre
  8491 | D:7      | Reached skill level 13 in Axes
  9898 | D:9      | Reached skill level 14 in Axes
  9987 | D:9      | Reached *** piety under Okawaru
 10190 | D:9      | Reached skill level 1 in Evocations
 10299 | D:10     | Entered Level 10 of the Dungeon
 10823 | D:10     | Reached XP level 11. HP: 84/92 MP: 12/14
 10909 | D:10     | Found a staircase to the Orcish Mines.
 11029 | Orc:1    | Entered Level 1 of the Orcish Mines
 11029 | Orc:1    | Found a bloodstained altar of Trog.
 11203 | Orc:2    | Entered Level 2 of the Orcish Mines
 11464 | Orc:2    | Noticed a two-headed ogre
 11466 | Orc:2    | Noticed a two-headed ogre
 11479 | Orc:2    | Killed a two-headed ogre
 11479 | Orc:2    | Reached **** piety under Okawaru
 11479 | Orc:2    | Reached skill level 5 in Evocations
 11490 | Orc:2    | Killed a two-headed ogre
 11588 | Orc:2    | Reached ***** piety under Okawaru
 11707 | Orc:2    | Noticed a two-headed ogre
 11730 | Orc:2    | Killed a two-headed ogre
 11730 | Orc:2    | Reached skill level 10 in Armour
 11817 | Orc:2    | Noticed an orc sorcerer
 11825 | Orc:2    | Killed an orc sorcerer
 11825 | Orc:2    | Reached skill level 1 in Invocations
 12261 | Orc:2    | Got a pair of spiked boots
 12493 | Orc:2    | Received a gift from Okawaru
 12510 | Orc:2    | Identified the +2 pair of boots of Fanaticism {Str+4
                  | Stlth+} (You found it on level 2 of the Orcish Mines)
 12777 | Orc:2    | Found Qock's Food Boutique.
 12827 | Orc:2    | Noticed an orc warlord
 12868 | Orc:2    | Slain by an orc warlord

Skill      XL: |  1  2  3  4  5  6  7  8  9 10 11 |
---------------+----------------------------------+-----
Axes           | 3 4 5 6 8 9 12 14 | 14.0
Fighting       | 4 6 7 9 |  9.1
Armour         | 4 6 8 10 | 10.1
Shields        | 7 9 |  9.0
Evocations     | 4 6 |  6.0
Invocations    | 4 |  4.6
Maces & Flails | |  0.2
Spellcasting   | |  0.1

Action                   |  1- 3 |  4- 6 |  7- 9 | 10-12 || total
-------------------------+-------+-------+-------+-------++-------
Melee: Hand axe          |    61 |   148 |   292 |   567 ||  1068
       War axe           |     6 |       |       |       ||     6
Invok: Heroism           |       |       |       |    15 ||    15
       Finesse           |       |       |       |     1 ||     1
  Use: Scroll            |     6 |     7 |     6 |     9 ||    28
       Potion            |       |       |     3 |     1 ||     4
 Stab: Paralysed         |       |     1 |       |       ||     1
  Eat: Chunk             |     2 |     9 |     6 |    13 ||    30
       Ration            |       |       |     2 |     1 ||     3
Armor: Scale mail        |    36 |    45 |    78 |       ||   159
       Plate armour      |       |       |    32 |   170 ||   202
Dodge: Dodged            |    23 |    36 |    68 |    78 ||   205
Block: Shield            |    36 |    73 |   152 |   299 ||   560
